 Dungeon Crawl Stone Soup version 0.27-a0-1196-g3e9cee4cb2 (webtiles) character file.

Game seed: 9824795281991928472

108 Glokmah the Grave Robber (level 4, -1/32 HPs)
             Began as a Demonspawn Necromancer on May 29, 2021.
             Was a Believer of Vehumet.
             Slain by a scorpion (5 damage)
             ... on level 3 of the Dungeon.
             The game lasted 00:07:15 (4411 turns).

Glokmah the Grave Robber (Demonspawn Necromancer)   Turns: 4411, Time: 00:07:16

Health: -1/32      AC:  4    Str:  8    XL:     4   Next: 58%
Magic:  1/7        EV: 12    Int: 18    God:    Vehumet [**....]
Gold:   135        SH:  4    Dex: 13    Spells: 3/8 levels left

rFire    . . .     SeeInvis .   a - +4 whip
rCold    . . .     Faith    .   (no shield)
rNeg     . . .     Spirit   .   i - +0 robe
rPois    .         Reflect  .   e - +1 helmet
rElec    .         Harm     .   (no cloak)
rCorr    .         Rampage  .   (no gloves)
Will     .....                  (no boots)
Stlth    ++........             (no amulet)
HPRegen  0.10/turn              (no ring)
MPRegen  0.10/turn              (no ring)

@: brilliant, lethally poisoned (-1 -> -6)
A: large bone plates 1
a: Renounce Religion


You were on level 3 of the Dungeon.
You worshipped Vehumet.
Vehumet was pleased with you.
You visited 1 branch of the dungeon, and saw 4 of its levels.

You collected 135 gold pieces.

Inventory:

Hand Weapons
 a - a +4 whip (weapon)
 k - a +2 dagger of draining
Missiles
 g - 10 poisoned darts
Armour
 e - a +1 helmet (worn)
 i - a +0 robe (worn)
Wands
 c - a wand of flame (14)
Scrolls
 b - a scroll of teleportation
 d - a scroll of enchant weapon
 j - a scroll of summoning {unknown}
 m - a scroll of enchant armour {unknown}
Potions
 h - a potion of brilliance
 l - a potion of berserk rage {unknown}


   Skills:
 + Level 1.6 Fighting
 - Level 1.7 Dodging
 - Level 1.7 Stealth
 + Level 2.5 Spellcasting
 * Level 1.9 Conjurations
 * Level 5.3 Necromancy


You had 3 spell levels left.
You knew the following spells:

 Your Spells              Type           Power      Damage    Failure   Level
a - Pain                  Necr           100%       1d9       1%          1
b - Magic Dart            Conj           56%        1d5       8%          1
c - Vampiric Draining     Necr           16%        2d8       5%          3

Your spell library contained the following spells:

 Spells                   Type           Power      Damage    Failure   Level
 Freeze                   Ice            12%        1d4       17%         1
 Animate Skeleton         Necr           64%        N/A       1%          1
 Animate Dead             Necr           16%        N/A       19%         4
 Agony                    Necr           32%        N/A       45%         5


Dungeon Overview and Level Annotations

Branches:
Dungeon (4/15)
 Temple: D:4-7

Altars:
Elyvilon
Vehumet


Innate Abilities, Weirdness & Mutations

You are partially covered in large bone plates. (SH +4)


Message History

You feel sick.
You feel sick.
You are no longer poisoned.
You see here a +0 hunting sling.
The scorpion stings you.
You are lethally poisoned!
The scorpion poisons you!
* * * LOW HITPOINT WARNING * * *
You feel very sick.
* * * LOW HITPOINT WARNING * * *
You feel sick.
* * * LOW HITPOINT WARNING * * *
You feel sick.
You feel better. The scorpion misses you.
You feel clever all of a sudden. You block the scorpion's attack.
The scorpion stings you.
* * * LOW HITPOINT WARNING * * *
You are lethally poisoned!
The scorpion poisons you!
* * * LOW HITPOINT WARNING * * *
You feel very sick.
Casting: Vampiric Draining (dangerous; 5% risk of failure)
Confirm with . or Enter, or press ? or * to list all spells.
Aiming: Vampiric Draining (dangerous; 5% risk of failure)
Press: ? - help, Shift-Dir - straight line, f/p - scorpion
Aim: a scorpion (moderately wounded)
You feel a surge of power!
You draw life force from the scorpion!
You feel life coursing into your body.
* * * LOW HITPOINT WARNING * * *
You feel very sick. The scorpion closely misses you.
You hit the scorpion.
The scorpion is almost dead.
* * * LOW HITPOINT WARNING * * *
You feel sick. You block the scorpion's attack.
You barely miss the scorpion.
The scorpion is almost dead.
* * * LOW HITPOINT WARNING * * *
You feel sick. You block the scorpion's attack. The scorpion stings you.
You die...

#....#.#..# #.##
##.#.#.#..# #.##
#.....<#..# #.##
##.#.....†######.##
#.#.....>.........
#.##.............#
#.##......#####..#
#.##..............
#@##.#....#####.##
#s##)#....# #...
#g##.#############
#.##.# #.......
#.##.# #.......
#)##.# #.......
##.##.# #.......
#.....# #..†....
####### #.......


You could see a scorpion and a hobgoblin.

Vanquished Creatures
  3 adders
  5 dart slugs
  4 orcs (D:3)
  7 endoplasms
  3 giant cockroaches (D:1)
  5 goblins
  4 hobgoblins
  7 jackals
  2 quokkas (D:2)
  5 ball pythons
  3 bats (D:1)
  2 frilled lizards
  6 kobolds
  4 rats
60 creatures vanquished.

Notes
Turn   | Place    | Note
-------+----------+-------------------------------------------
     0 | D:1      | Glokmah the Demonspawn Necromancer began the quest for the
                  | Orb.
     0 | D:1      | Reached XP level 1. HP: 13/13 MP: 3/3
   582 | D:1      | Gained mutation: You are partially covered in large bone
                  | plates. (SH +4) [demonic ancestry]
   582 | D:1      | Reached XP level 2. HP: 19/20 MP: 3/5
   969 | D:1      | Found a faded altar of an unknown god.
   977 | D:1      | Became a worshipper of Vehumet
   977 | D:1      | Reached * piety under Vehumet
   977 | D:1      | Offered knowledge of Magic Dart by Vehumet.
   980 | D:1      | Learned a level 1 spell: Magic Dart
  1006 | D:1      | Reached skill level 1 in Fighting
  1252 | D:1      | Reached XP level 3. HP: 24/26 MP: 3/6
  1569 | D:2      | Learned a level 3 spell: Vampiric Draining
  1700 | D:2      | Reached skill level 5 in Necromancy
  1780 | D:2      | Reached skill level 1 in Conjurations
  3237 | D:3      | Reached XP level 4. HP: 16/32 MP: 1/7
  3242 | D:3      | Offered knowledge of Freeze by Vehumet.
  3273 | D:3      | Reached ** piety under Vehumet
  4316 | D:4      | Noticed a scorpion
  4411 | D:3      | Slain by a scorpion

Illustrated notes

Levels and vault maps discovered:
D:1:      dpeg_arrival_ternary, layout_basic, basic_ecumenical_altar
D:2:      layout_basic, patterned_corridor
D:3:      layout_basic, elyvilon_altar_1, minmay_stone_trees_small, st_stairs_2
D:4:      layout_rooms, nicolae_vehumet_altar_sigil, minmay_temple_entry_hall,
          uniq_duvessa, uniq_menkaure

Skill      XL: |  1  2  3 |
---------------+----------+-----
Fighting       | 1 |  1.6
Necromancy     | 5 |  5.3
Conjurations   | 1 |  1.9
Dodging        | |  1.7
Stealth        | |  1.7
Spellcasting   | |  2.5

Action                   |  1- 3 |  4- 6 || total
-------------------------+-------+-------++-------
Melee: Dagger            |     3 |       ||     3
       Unarmed           |     2 |       ||     2
       Short sword       |     6 |       ||     6
       Whip              |    17 |     5 ||    22
 Cast: Pain              |    77 |    22 ||    99
       Magic Dart        |     9 |     9 ||    18
       Vampiric Draining |       |     2 ||     2
  Use: Potion            |     4 |     2 ||     6
       Scroll            |     1 |     1 ||     2
 Stab: Sleeping          |     2 |       ||     2
Armor: Robe              |     8 |       ||     8
       Skin              |     4 |       ||     4
Dodge: Dodged            |    31 |    15 ||    46
Block: Other             |     4 |     6 ||    10

Table legend: (Time is in decaauts)
 A = Elapsed time spent in this place.
 B = Non-inter-level travel time spent in this place.
 C = Inter-level travel time spent in this place.
 D = Time resting spent in this place.
 E = Time spent auto-exploring this place.
 F = Levels seen in this place.
 G = Mean time per level.
                   A        B        C        D        E       F      G
               +--------+--------+--------+--------+--------+-----+--------+
         Total |   4401 |   4262 |    139 |    795 |   2956 |   4 | 1100.2 |
       Dungeon |   4401 |   4262 |    139 |    795 |   2956 |   4 | 1100.2 |
               +--------+--------+--------+--------+--------+-----+--------+

Top non-repeatable levels by time:
     D:1: 1556 daAuts
     D:2: 1475 daAuts
     D:3: 1361 daAuts
     D:4: 7 daAuts
